 Dungeon Crawl Stone Soup version 0.22-a0-284-g99d1f74 (webtiles) character file.

8738 silt the Fighter (level 11, -21/126 HPs)
             Began as a Troll Berserker on Mar 22, 2018.
             Was a High Priest of Trog.
             Demolished by a komodo dragon (26 damage)
             ... on level 1 of the Lair of Beasts.
             The game lasted 00:41:58 (8066 turns).

silt the Fighter (Troll Berserker)                  Turns: 8066, Time: 00:41:59

Health: -21/126    AC:  7    Str: 27    XL:     11   Next: 13%
Magic:  10/10      EV: 10    Int:  3    God:    Trog [*****.]
Gold:   470        SH:  0    Dex: 10    Spells: 10/10 levels left

rFire    . . .     SeeInvis .     - Unarmed
rCold    . . .     Gourm    +   (no shield)
rNeg     . . .     Faith    .   a - +0 animal skin
rPois    +         Spirit   .   (helmet restricted)
rElec    .         Reflect  .   z - +1 cloak {rPois}
rCorr    .         Harm     .   (gloves unavailable)
MR       .....     Clarity  +   (boots unavailable)
Stlth    +.........             (no amulet)
HPRegen  0.71/turn              (no ring)
MPRegen  0.12/turn              (no ring)

@: berserk cooldown, slowed, very slow
A: large, unfitting armour, claws 3, clarity, clumsy 1, deterioration 1, fast
metabolism 3, gourmand, regeneration 1, shaggy fur 1, tough skin 2
a: Berserk, Trog's Hand, Brothers in Arms, Renounce Religion


You were on level 1 of the Lair of Beasts.
You worshipped Trog.
Trog was extremely pleased with you.
You were full.

You visited 3 branches of the dungeon, and saw 11 of its levels.

You collected 470 gold pieces.

Inventory:

Hand Weapons
 c - a +1 whip of flaming
 m - a cursed -1 short sword
 w - a +4 quarterstaff of chaos
 G - a +0 whip of electrocution
 H - a +1 war axe of freezing
 I - a +0 shortbow
 L - a +1 antimagic glaive
 N - a +0 shortbow
Missiles
 J - 198 arrows
 Q - 3 steel javelins
 R - 4 tomahawks (quivered)
Armour
 a - a +0 animal skin (worn)
 z - a +1 cloak of poison resistance (worn)
Magical Staves
 P - an uncursed staff of earth {unknown}
Jewellery
 M - an uncursed ring of fire {unknown}
 O - a cursed amulet of faith {unknown}
Wands
 A - a wand of iceblast (18)
 F - a wand of flame (16)
Scrolls
 d - 16 scrolls of identify {unknown}
 g - 3 scrolls of teleportation {unknown}
 l - 6 scrolls of remove curse {unknown}
 o - a scroll of enchant armour {unknown}
 p - 3 scrolls of immolation {unknown}
 q - a scroll of noise {unknown}
 t - 2 scrolls of magic mapping {unknown}
 v - 3 scrolls of enchant weapon {unknown}
 y - 3 scrolls of fog {unknown}
 B - 2 scrolls of random uselessness {unknown}
 C - a scroll of fear {unknown}
 D - a scroll of amnesia {unknown}
Potions
 e - 2 potions of mutation
 f - 2 potions of ambrosia {unknown}
 h - 2 potions of brilliance {unknown}
 i - 2 potions of flight {unknown}
 j - 2 potions of agility {unknown}
 k - 6 potions of heal wounds {unknown}
 n - a potion of resistance {unknown}
 r - a potion of might {unknown}
 s - a potion of invisibility {unknown}
 u - 3 potions of curing {unknown}
 x - a potion of cancellation {unknown}
 E - 3 potions of haste {unknown}
 K - a potion of degeneration {unknown}
 S - 2 potions of lignification {unknown}
Comestibles
 b - 22 rations


   Skills:
 + Level 12.9 Fighting
 - Level 2.4 Dodging
 - Level 8.2 Unarmed Combat
 - Level 1.1 Evocations


You had 10 spell levels left.
You didn't know any spells.

Dungeon Overview and Level Annotations

Branches:
Dungeon (9/15)             Temple (1/1) D:4            Lair (1/6) D:8
    Orc (0/2) D:9

Altars:
Ashenzari
Cheibriados
Dithmenos
Elyvilon
Fedhas
Gozag
Hepliaklqana
Kikubaaqudgha
Makhleb
Nemelex Xobeh
Okawaru
Qazlal
Ru
Sif Muna
Trog
Uskayaw
Vehumet
Wu Jian
Xom
Yredelemnul
Zin
The Shining One

Shops:
D:7 *


Innate Abilities, Weirdness & Mutations

You are too large for most types of armour.
You have claws for hands.
Your metabolism is lightning-fast.
You like to eat raw meat.
Your natural rate of healing is unusually fast.
You are covered in fur. (AC +1)
You have very tough skin. (AC +2)
You possess an exceptional clarity of mind.
You are clumsy. (Dex -2)
Your body sometimes deteriorates upon taking damage.


Message History

* * * LOW HITPOINT WARNING * * *
You barely miss the wolf. The wolf bites you.
* * * LOW HITPOINT WARNING * * *
The komodo dragon bites you!
* * * LOW HITPOINT WARNING * * *
You claw the wolf!
The wolf is severely wounded.
The wolf bites you!
* * * LOW HITPOINT WARNING * * *
The komodo dragon barely misses you.
You scratch the wolf. Your claw misses the wolf.
The wolf is almost dead.
You are no longer berserk.
You are exhausted.
You feel yourself slow down. The wolf bites you.
* * * LOW HITPOINT WARNING * * *
It was a potion of mutation.
You feel extremely strange.
You feel yourself wasting away.
You feel clumsy.
Your thoughts seem clearer.
The wolf barely misses you. The komodo dragon bites you!!
You die...

#...#.# ......... #.....
#........# #.... #........#
#...# #..).....# #.##
##........#
#..####.........#
#...#h..........#
###rlh##........#
###@##........##
####........P# ##.)......##
#.........# ##........##
##### #.........#
#P#P##########.........#####
#...........................
#...........................


You could see a komodo dragon, 2 wolves and a porcupine.

Vanquished Creatures
  A two-headed ogre (D:8)
  Pikel (D:5)
  A spiny frog (Lair:1)
  A komodo dragon (Lair:1)
  The ghost of EPluribusUnum the Ogre Mage, an amateur OgAE (D:3)
  Prince Ribbit (D:6)
  Sigmund (D:3)
  10 yaks
  3 hogs (D:8)
  A human (D:8)
  2 hungry ghosts
  A water moccasin (Lair:1)
  2 porcupines (Lair:1)
  2 orc warriors (D:9)
  An eye of draining (D:9)
  A black bear (D:6)
  2 wolves (Lair:1)
  3 phantoms
  2 ogres
  A necrophage (D:9)
  3 crocodiles (Lair:1)
  6 centaurs
  6 bullfrogs
  A wyvern zombie (D:7)
  2 scorpions
  4 killer bees (D:9)
  A howler monkey (D:9)
  3 crimson imps
  A centaur zombie (D:7)
  2 bullfrog zombies (D:9)
  2 quasits
  5 hounds
  A jelly (D:7)
  An orc priest (D:5)
  Crazy Yiuf (D:3)
  7 orc wizards
  2 bullfrog skeletons
  4 iguanas
  12 worker ants
  A hound zombie (D:7)
  Robin (D:4)
  13 adders
  10 gnolls
  A howler monkey skeleton (D:4)
  2 adder skeletons
  2 adder zombies (D:7)
  2 worms
  4 leopard geckos
  32 orcs
  5 giant cockroaches
  17 goblins
  14 hobgoblins
  8 kobolds
  6 quokkas
  A ball python (D:7)
  7 bats
  3 frilled lizards
  6 rats
237 creatures vanquished.

Notes
Turn   | Place    | Note
-------+----------+-------------------------------------------
     0 | D:1      | silt the Troll Berserker began the quest for the Orb.
     0 | D:1      | Reached XP level 1. HP: 22/22 MP: 0/0
    59 | D:1      | Reached XP level 2. HP: 24/29 MP: 1/1
   238 | D:1      | Reached ** piety under Trog
   552 | D:1      | Reached XP level 3. HP: 36/36 MP: 2/2
   885 | D:2      | Reached skill level 5 in Unarmed Combat
   885 | D:2      | Reached XP level 4. HP: 34/44 MP: 3/3
   910 | D:2      | Found a faded altar of an unknown god.
  1205 | D:2      | Reached XP level 5. HP: 49/50 MP: 4/4
  1277 | D:3      | Noticed EPluribusUnum's ghost (amateur OgAE)
  1298 | D:3      | Killed EPluribusUnum's ghost
  1298 | D:3      | Reached XP level 6. HP: 9/59 MP: 5/5
  1589 | D:3      | Reached *** piety under Trog
  1602 | D:3      | Noticed Sigmund
  1611 | D:3      | Killed Sigmund
  1611 | D:3      | Reached XP level 7. HP: 66/66 MP: 6/6
  1748 | D:3      | Found a runed door.
  1957 | D:3      | Noticed Crazy Yiuf
  2072 | D:3      | Killed Crazy Yiuf
  2116 | D:4      | Reached skill level 3 in Fighting
  2352 | D:4      | Reached skill level 4 in Fighting
  2360 | D:4      | Found a staircase to the Ecumenical Temple.
  2365 | Temple   | Entered the Ecumenical Temple
  2533 | D:4      | Found a shimmering altar of Xom.
  2738 | D:4      | Reached skill level 5 in Fighting
  2738 | D:4      | Reached XP level 8. HP: 78/80 MP: 7/7
  2770 | D:4      | Noticed Robin
  2775 | D:4      | Killed Robin
  2883 | D:4      | Reached **** piety under Trog
  3192 | D:5      | Entered Level 5 of the Dungeon
  3584 | D:5      | Reached skill level 6 in Fighting
  3662 | D:5      | Noticed Pikel
  3674 | D:5      | Killed Pikel
  3674 | D:5      | Reached skill level 7 in Fighting
  3674 | D:5      | Reached skill level 1 in Evocations
  4197 | D:6      | Reached XP level 9. HP: 96/96 MP: 8/8
  4304 | D:6      | Reached skill level 8 in Fighting
  4623 | D:6      | Noticed Prince Ribbit
  4628 | D:6      | Killed Prince Ribbit
  4850 | D:7      | Found Hopsom's Elemental Accessories.
  5100 | D:7      | Reached skill level 9 in Fighting
  5590 | D:8      | Found a staircase to the Lair.
  5615 | D:8      | Reached ***** piety under Trog
  5619 | D:8      | Noticed a two-headed ogre
  5654 | D:8      | HP: 5/150 [two-headed ogre/giant club (12)]
  5655 | D:8      | Killed a two-headed ogre
  5655 | D:8      | Reached skill level 10 in Fighting
  5736 | D:8      | Reached XP level 10. HP: 74/111 MP: 9/9
  5842 | D:8      | Reached skill level 11 in Fighting
  6626 | D:9      | Reached skill level 12 in Fighting
  6798 | D:9      | Found a staircase to the Orcish Mines.
  6816 | D:9      | Received a gift from Trog
  7610 | D:8      | Found a staircase to the Lair.
  7621 | Lair:1   | Entered Level 1 of the Lair of Beasts
  7842 | Lair:1   | Reached XP level 11. HP: 112/124 MP: 10/10
  8065 | Lair:1   | HP: 4/126 [wolf (4)]
  8066 | Lair:1   | Gained mutation: Your body sometimes deteriorates upon taking damage. [potion of mutation]
  8066 | Lair:1   | Gained mutation: You are clumsy. (Dex -2) [potion of mutation]
  8066 | Lair:1   | Gained mutation: You possess an exceptional clarity of mind. [potion of mutation]
  8066 | Lair:1   | Demolished by a komodo dragon

Vault maps used:
D:1:      nicolae_arrival_memento_mori, serial_forest,
          infiniplex_forest_lined_3, infiniplex_forest_clump_diagonal,
          infiniplex_forest_clump_double, infiniplex_forest_pool,
          minmay_tetromino_t2
D:2:      chequers_ecumenical_altar_island
D:3:      first_ration, minmay_distorted, uniq_sigmund, uniq_crazy_yiuf_cottage
D:4:      marbit_many_paths, temple_statues, columned_hall_lemuel, uniq_robin
D:5:      uniq_pikel
D:6:      uniq_prince_ribbit1
D:7:      nicolae_benzene_ring, nicolae_elemental_shop
D:8:      dpeg_oklobed_lair, grunt_livestock
D:9:      david_orc_2, dk_noncrumbling_3
Temple:   compressed_dpeg_circular_temple
Lair:1:   beast_lair_carwin_6

Skill      XL: |  1  2  3  4  5  6  7  8  9 10 |
---------------+-------------------------------+-----
Unarmed Combat | 4 5 7 8 |  8.2
Fighting       | 5 7 10 12 | 12.9
Evocations     | 1 |  1.1
Dodging        | |  2.4

Action                   |  1- 3 |  4- 6 |  7- 9 | 10-12 || total
-------------------------+-------+-------+-------+-------++-------
Melee: Unarmed           |    75 |    85 |   271 |   215 ||   646
       Punch             |     2 |     3 |    12 |    10 ||    27
 Fire: Shortbow          |       |       |     5 |     2 ||     7
Throw: Tomahawk          |       |       |    27 |    36 ||    63
       Javelin           |       |       |       |     9 ||     9
Invok: Berserk           |       |       |     2 |     3 ||     5
       Trog's Hand       |       |       |     2 |       ||     2
       Brothers in Arms  |       |       |     1 |       ||     1
Evoke: Wand              |       |       |     1 |       ||     1
  Use: Potion            |       |       |       |     1 ||     1
 Stab: Sleeping          |       |     2 |       |       ||     2
  Eat: Chunk             |    14 |     6 |    39 |    27 ||    86
       Ration            |       |       |       |     1 ||     1
Armor: Animal skin       |    26 |    17 |    97 |    54 ||   194
Dodge: Dodged            |    30 |    46 |   140 |    89 ||   305

Table legend:
 A = Spawn XP
 B = Non-spawn XP
 C = Spawn XP percentage of total XP
 D = Spawn monster count
 E = Non-spawn monster count
 F = Spawn count percentage of total count
 G = Total turns spent on level
                    A         B        C        D         E        F      G
               +---------+---------+-------+---------+---------+-------+---------
         Total |       0 |   12484 |   0.0 |       0 |     237 |   0.0 |  8066
               +---------+---------+-------+---------+---------+-------+---------
           D:1 |       0 |      41 |   0.0 |       0 |      27 |   0.0 |   694
           D:2 |       0 |     156 |   0.0 |       0 |      24 |   0.0 |   573
           D:3 |       0 |     634 |   0.0 |       0 |      16 |   0.0 |   829
           D:4 |       0 |     736 |   0.0 |       0 |      37 |   0.0 |  1003
           D:5 |       0 |     951 |   0.0 |       0 |      16 |   0.0 |   714
           D:6 |       0 |     734 |   0.0 |       0 |      14 |   0.0 |   944
           D:7 |       0 |    1031 |   0.0 |       0 |      24 |   0.0 |   694
           D:8 |       0 |    3035 |   0.0 |       0 |      25 |   0.0 |   894
           D:9 |       0 |    2605 |   0.0 |       0 |      39 |   0.0 |  1218
        Lair:1 |       0 |    2561 |   0.0 |       0 |      15 |   0.0 |   410
               +---------+---------+-------+---------+---------+-------+---------
